 Dungeon Crawl Stone Soup version 0.17.1-3-g152610e (webtiles) character file.

187 Stendarr the Magician (level 5, -5/45 HPs)
             Began as a Troll Fire Elementalist on Apr 17, 2016.
             Shot with a stone by a goblin (7 damage)
             ... on level 3 of the Dungeon.
             The game lasted 00:07:42 (2247 turns).

Stendarr the Magician (Troll Fire Elementalist)     Turns: 2247, Time: 00:07:42

Health: -5/45      AC:  5    Str: 16    XL:     5   Next: 39%
Magic:  1/8        EV:  9    Int: 12    God:
Gold:   83         SH:  0    Dex: 10    Spells: 3 memorised, 4 levels left

rFire  . . .     SeeInvis .     (no weapon)
rCold  . . .     Clarity  .     a - +0 robe
rNeg   . . .     SustAt   .     (no shield)
rPois  .         Gourm    +     (helmet restricted)
rElec  .         Spirit   .     (no cloak)
rCorr  .         Warding  .     (gloves unavailable)
rMut   .         Stasis   .     (boots unavailable)
MR     .....                    (no amulet)
Stlth  +.........               (no ring)
                                (no ring)

@: very slightly contaminated, not resistant to hostile enchantments, very
unstealthy
A: unfitting armour, claws 3, fast metabolism 3, gourmand, regeneration 2,
shaggy fur 1, tough skin 2
a: no special abilities


You were on level 3 of the Dungeon.
You were very full.

You visited 1 branch of the dungeon, and saw 3 of its levels.

You collected 83 gold pieces.

Inventory:

Armour
 a - a +0 robe (worn)
Jewellery
 f - an uncursed amulet of inaccuracy
Scrolls
 e - a scroll of fog {unknown}
 h - 2 scrolls of identify {unknown}
 m - a scroll of recharging
Potions
 d - a potion of might {unknown}
 k - a potion of brilliance {unknown}
Books
 b - a book of Flames

   Spells                             Type                      Level
   a - Flame Tongue                   Conjuration/Fire             1
   b - Throw Flame                    Conjuration/Fire             2
   c - Conjure Flame                  Conjuration/Fire             3
   d - Inner Flame                    Hexes/Fire                   3
   e - Sticky Flame                   Conjuration/Fire             4
   f - Fireball                       Conjuration/Fire             5
Comestibles
 c - 3 bread rations
 g - a beef jerky
 i - 5 fruits
 j - a meat ration
 l - a chunk of flesh


   Skills:
 - Level 1.5 Dodging
 - Level 1.1 Stealth
 * Level 3.2 Spellcasting
 + Level 1.5 Conjurations
 + Level 2.3 Fire Magic


You had 4 spell levels left.
You knew the following spells:

 Your Spells              Type           Power        Failure   Level  Hunger
a - Flame Tongue          Conj/Fire      #....        12%         1    #......
b - Conjure Flame         Conj/Fire      #.......     34%         3    ###....
c - Throw Flame           Conj/Fire      #.....       17%         2    ###....


Dungeon Overview and Level Annotations

Branches:
Dungeon (3/15)

Altars:

Annotations:
D:3 Sigmund


Innate Abilities, Weirdness & Mutations

You are too large for most types of armour.
You have claws for hands.
Your metabolism is lightning-fast.
You like to eat raw meat.
You heal very quickly.
You are covered in fur (AC +1).
You have very tough skin (AC +2).


Message History

The flame tongue hits the gnoll.
The gnoll appears unharmed.
The gnoll is heavily wounded.
The orc shouts!
The goblin shoots a stone.
The stone closely misses you. The gnoll hits you with a flail!
The orc wizard mumbles some strange words.
The orc wizard seems to speed up.
Something hits you!
* * * LOW HITPOINT WARNING * * *
Something freezes you.
* * * LOW HITPOINT WARNING * * *
Drink which item? (? for menu, Esc to quit)
Okay, then.
The goblin shoots a stone.
The stone barely misses you.
You see here a stone.
The goblin shoots a stone.
The stone barely misses you.
A hobgoblin comes into view. It is wielding a club.
You see here a stone.
The hobgoblin shouts!
The goblin shoots a stone.
The stone hits you!
You die...

. ## ##((.## ##...#... ...
####(..# ##......#
#....####..(.### ##.o.....#
##.........########........#
##...#####g.#####o..o........
#.... ##..##.([..######....
#..#####.....g##.## ..o.
##.......g..(###.# <...
##..........@.....# ...
#...............###
#.......(.......#
#...............#
#.<.......[.....#
#...............#
#...............#
##.............##
##.....#.....##


You could see an orc wizard, a gnoll, a hobgoblin and a goblin.

Vanquished Creatures
  7 adders
  6 gnolls
  2 oozes
  A worm (D:2)
  An orc (D:3)
  A ball python (D:2)
  2 giant cockroaches
  9 goblins
  10 hobgoblins
  4 kobolds
  A quokka (D:2)
  8 bats
  2 giant geckos
  3 giant newts
  9 rats
66 creatures vanquished.

Notes
Turn   | Place    | Note
--------------------------------------------------------------
     0 | D:1      | Stendarr the Troll Fire Elementalist began the quest for the Orb.
     0 | D:1      | Reached XP level 1. HP: 16/16 MP: 1/1
    53 | D:1      | Reached skill level 1 in Conjurations
   125 | D:1      | Reached XP level 2. HP: 24/24 MP: 0/3
   734 | D:2      | Reached XP level 3. HP: 31/31 MP: 4/4
  1008 | D:2      | Learned a level 3 spell: Conjure Flame
  1073 | D:2      | Reached XP level 4. HP: 39/39 MP: 6/6
  1642 | D:2      | Reached skill level 3 in Spellcasting
  1733 | D:2      | Reached XP level 5. HP: 41/45 MP: 8/8
  1908 | D:3      | Noticed Sigmund
  2103 | D:3      | Learned a level 2 spell: Throw Flame
  2112 | D:3      | Noticed a hungry ghost
  2244 | D:3      | HP: 1/45 [something (5)]
  2247 | D:3      | Shot with a stone by a goblin

Action                   |  1- 3 |  4- 6 || total
-------------------------+-------+-------++-------
Melee: Unarmed           |    97 |    89 ||   186
 Cast: Flame Tongue      |    25 |    53 ||    78
  Use: Scroll            |     3 |       ||     3
 Stab: Sleeping          |     1 |       ||     1
  Eat: Chunk             |    16 |    11 ||    27
